 Dungeon Crawl Stone Soup version 0.25-b1-41-g19641232cd (webtiles) character file.

Game seed: 3648659684247598720

1612 Delver the Cutter (level 9, -5/58 HPs)
             Began as a Halfling Skald on June 7, 2020.
             Was an Initiate of Makhleb.
             Slain by Duvessa
             ... wielding a +4 short sword of venom
              (13 damage)
             ... on level 5 of the Dungeon on June 8, 2020.
             The game lasted 02:06:35 (5872 turns).

Delver the Cutter (Halfling Skald)                  Turns: 5872, Time: 02:06:35

Health: -5/58      AC:  9    Str: 12    XL:     9   Next: 16%
Magic:  7/12       EV: 15    Int: 14    God:    Makhleb [......]
Gold:   248        SH:  0    Dex: 14    Spells: 1/12 levels left

rFire    + + .     SeeInvis .   I - +4 whip
rCold    x . .     Gourm    .   (shield restricted)
rNeg     + . .     Faith    .   V - +1 robe {rN+}
rPois    .         Spirit   .   (no helmet)
rElec    .         Reflect  .   F - +0 cloak
rCorr    .         Harm     .   (no gloves)
MR       .....                  (no boots)
Stlth    ++........             h - amulet of regeneration (curse)
HPRegen  0.59/turn              f - ring of protection from fire
MPRegen  0.13/turn              v - ring of fire (curse)

@: lethally poisoned (-5 -> -14), icy armour, about to teleport
A: small, mutation resistance 1
a: Renounce Religion


You were on level 5 of the Dungeon.
You worshipped Makhleb.
Makhleb was noncommittal.
You were not hungry.

You visited 1 branch of the dungeon, and saw 5 of its levels.
You also visited: Sewer.

You collected 248 gold pieces.

Inventory:

Hand Weapons
 a - a +1 short sword
 i - a +0 hand crossbow
 q - a +0 spear
 w - a +2 dagger of draining
 A - a +1 vampiric dagger
 G - a +0 long sword of holy wrath
 I - a +4 whip (weapon)
 U - a +1 hand axe of electrocution
Missiles
 e - 252 stones
 j - 89 sling bullets
 m - 60 arrows
 L - 20 poisoned darts (quivered)
 M - 8 silver javelins
Armour
 F - a +0 cloak (worn)
 H - a +2 plate armour of positive energy
 J - a +0 ring mail
 K - a +0 scale mail
 Q - a +0 buckler
 V - a +1 robe of positive energy (worn)
Magical Staves
 k - an uncursed staff of earth
 X - an uncursed staff of air
Jewellery
 f - a ring of protection from fire (left hand)
 h - a cursed amulet of regeneration (around neck)
 u - an uncursed ring of positive energy
 v - a cursed ring of fire (right hand)
Scrolls
 c - a scroll of remove curse
 n - 3 scrolls of teleportation
 p - a scroll of identify
 r - a scroll of amnesia {unknown}
 s - 2 scrolls of enchant weapon
 x - 2 scrolls of magic mapping
 O - a scroll of fear {unknown}
 P - a scroll of noise {unknown}
Potions
 g - 2 potions of haste
 l - 3 potions of flight
 t - a potion of lignification
 B - a potion of ambrosia
 C - 2 potions of invisibility
 D - a potion of might
 E - a potion of heal wounds
 S - a potion of curing
 T - a potion of stabbing {unknown}
Comestibles
 d - 16 rations


   Skills:
 - Level 4.0 Fighting
 + Level 6.0 Short Blades
 + Level 4.1 Throwing
 - Level 1.1 Armour
 - Level 2.1 Dodging
 + Level 3.5 Stealth
 + Level 2.8 Shields
 - Level 2.0 Spellcasting
 + Level 5.9 Charms
 + Level 4.4 Translocations
 + Level 0.6 Ice Magic
 + Level 0.7 Invocations


You had one spell level left.
You knew the following spells:

 Your Spells              Type           Power        Failure   Level  Hunger
a - Infusion              Chrm           ###.         1%          1    ##.....
b - Song of Slaying       Chrm           ###.....     3%          2    ###....
c - Shroud of Golubria    Chrm/Tloc      ###...       4%          2    ###....
d - Spectral Weapon       Hex/Chrm       #.......     22%         3    ####...
e - Ozocubu's Armour      Chrm/Ice       ##......     19%         3    ####...

Your spell library contained the following spells:

 Spells                   Type           Power        Failure   Level  Hunger
 Gell's Gravitas          Tloc           ##........   12%         3    ####...
 Confusing Touch          Hex            #.......     56%         3    ####...
 Petrify                  Tmut/Erth      #.......     93%         4    #####..
 Metabolic Englaciation   Hex/Ice        #.........   99%         5    ######.
 Yara's Violent Unravell  Hex/Tmut       #.........   100%        5    ######.


Dungeon Overview and Level Annotations

Branches:
Dungeon (5/15)             Temple (0/1) D:5           Sewer (visited)

Altars:
Makhleb
Qazlal
Vehumet

Annotations:
D:4 2 exclusions
D:5 Duvessa


Innate Abilities, Weirdness & Mutations

You are small and have problems with some larger weapons.
You are somewhat resistant to further mutation.


Message History

Your Short Blades skill increases to level 6!
Duvessa hits you with a +4 short sword of venom! x2
You are more poisoned.
You feel sick.
You feel sick.
Duvessa rages.
You feel sick.
Duvessa hits you with a +4 short sword of venom!
Casting: Shroud of Golubria (safe; 4% risk of failure)
Confirm with . or Enter, or press ? or * to list all spells.
A film of ice covers your body!
You feel sick.
Duvessa hits you with a +4 short sword of venom.
* * * LOW HITPOINT WARNING * * *
You are more poisoned.
As you read the scroll of teleportation, it crumbles to dust.
You feel strangely unstable.
You feel sick.
Duvessa hits you with a +4 short sword of venom!
* * * LOW HITPOINT WARNING * * *
Duvessa hits you with a +4 short sword of venom!
You die...

#.....#........###..
######<................
##...#......####.####...
#............##[.###....
##..##.................#
#................##...#
##...............#....#
#....................#
##.#.@#.........#.#..#
####e.........####..#
#...........####..
##.#.........#....
#(#...##.........
....?..)##..#....###.##
.......(###...#########
......(.. #.#..##.#....
.......(# ####......##.


You could see Duvessa (berserk, fast, very poisoned).

Vanquished Creatures
  Prince Ribbit (D:5)
  Sigmund (D:4)
  2 phantoms
  2 ogres (D:4)
  A necrophage (D:5)
  Blork the orc (D:4)
  3 bullfrogs
  Dowan (D:5)
  2 howler monkeys
  A crimson imp (D:4)
  A hound (D:4)
  2 worker ants (D:4)
  A hound skeleton (D:5)
  3 gnolls (D:3)
  14 adders
  2 oozes
  8 worms
  2 dart slugs (D:1)
  7 leopard geckos
  6 orcs
  8 ball pythons
  15 giant cockroaches
  7 goblins
  13 hobgoblins
  6 jackals
  2 quokkas
  3 bats
  10 frilled lizards
  15 kobolds
  A leopard gecko skeleton (D:5)
  A quokka zombie (D:5)
  13 rats
155 creatures vanquished.

Notes
Turn   | Place    | Note
-------+----------+-------------------------------------------
     0 | D:1      | Delver the Halfling Skald began the quest for the Orb.
     0 | D:1      | Reached XP level 1. HP: 14/14 MP: 3/3
   111 | D:1      | Reached XP level 2. HP: 19/19 MP: 4/4
   204 | D:1      | Reached XP level 3. HP: 19/24 MP: 5/5
   352 | D:1      | Reached skill level 3 in Short Blades
   567 | D:1      | Reached skill level 1 in Throwing
   576 | D:1      | Learned a level 2 spell: Song of Slaying
   579 | D:1      | Learned a level 2 spell: Shroud of Golubria
   965 | D:2      | Reached XP level 4. HP: 29/29 MP: 6/6
  1427 | D:2      | Noticed a fire elemental
  1429 | D:2      | Found a stormy altar of Qazlal.
  1430 | D:2      | Noticed an air elemental
  1430 | D:2      | Noticed an earth elemental
  1430 | D:2      | Noticed a water elemental
  1680 | D:2      | Reached XP level 5. HP: 35/35 MP: 4/8
  1731 | D:2      | Reached skill level 1 in Translocations
  1872 | D:3      | Found a glowing drain.
  1881 | Sewer    | Entered a sewer
  2063 | Sewer    | Noticed a bullfrog
  2063 | Sewer    | Noticed a bullfrog
  2070 | Sewer    | Killed a bullfrog
  2070 | Sewer    | Reached XP level 6. HP: 36/41 MP: 4/9
  2074 | Sewer    | Reached skill level 4 in Short Blades
  2079 | Sewer    | Learned a level 3 spell: Spectral Weapon
  2818 | D:3      | Noticed a phantom
  2819 | D:3      | Reached XP level 7. HP: 43/46 MP: 0/10
  3590 | D:4      | Noticed Sigmund
  3678 | D:4      | Reached skill level 1 in Stealth
  3678 | D:4      | Reached skill level 5 in Charms
  3908 | D:4      | Reached skill level 5 in Short Blades
  3908 | D:4      | Reached XP level 8. HP: 24/53 MP: 11/11
  4009 | D:4      | Upgraded the game from 0.25-b1-38-g32f9adbbe0 to
                  | 0.25-b1-41-g19641232cd
  4338 | D:4      | Reached skill level 1 in Shields
  4407 | D:4      | Noticed Blork the orc
  4424 | D:4      | Killed Blork the orc
  4640 | D:4      | Killed Sigmund
  4643 | D:4      | Found a burning altar of Makhleb.
  4644 | D:4      | Found a radiant altar of Vehumet.
  4661 | D:4      | Became a worshipper of Makhleb the Destroyer
  4843 | D:5      | Entered Level 5 of the Dungeon
  4848 | D:5      | Found a staircase to the Ecumenical Temple.
  5128 | D:5      | Noticed Dowan
  5193 | D:5      | Noticed Prince Ribbit
  5231 | D:5      | Killed Prince Ribbit
  5231 | D:5      | Reached XP level 9. HP: 52/58 MP: 9/12
  5269 | D:5      | Noticed Duvessa
  5325 | D:5      | Learned a level 3 spell: Ozocubu's Armour
  5867 | D:5      | Killed Dowan
  5867 | D:5      | Reached skill level 6 in Short Blades
  5872 | D:5      | Slain by Duvessa

Illustrated notes

Levels and vault maps discovered:
D:1:      minmay_arrival_checkered_box, layout_basic, minivault_23
D:2:      layout_loops_corners, nicolae_qazlal_style_of_elements
D:3:      layout_basic, portal_sewer_entry_d
D:4:      layout_basic, grunt_temple_overflow_lords_of_destruction,
          first_ration, minivault_26, minmay_starry_boxes, uniq_sigmund,
          uniq_blork_the_orc
D:5:      layout_cave_pools, minmay_temple_entry_stoned_glass,
          uniq_prince_ribbit1, uniq_duvessa

Skill      XL: |  1  2  3  4  5  6  7  8  9 |
---------------+----------------------------+-----
Fighting       | 2 3 4 |  4.0
Short Blades   | 3 4 5 6 |  6.0
Throwing       | 1 2 3 4 |  4.1
Spellcasting   | 2 |  2.0
Charms         | 4 5 |  5.9
Translocations | 1 2 3 4 |  4.4
Stealth        | 1 3 |  3.5
Shields        | 2 |  2.8
Armour         | |  1.1
Dodging        | |  2.1
Ice Magic      | |  0.6
Invocations    | |  0.7

Action                   |  1- 3 |  4- 6 |  7- 9 || total
-------------------------+-------+-------+-------++-------
Melee: Short sword       |   101 |     5 |     1 ||   107
       Dagger            |       |   123 |    74 ||   197
       Whip              |       |       |   102 ||   102
       Spear             |       |       |     1 ||     1
Throw: Boomerang         |    43 |   136 |    21 ||   200
       Stone             |       |       |    99 ||    99
       Dart              |       |       |    29 ||    29
 Cast: Infusion          |     3 |     5 |     4 ||    12
       Song of Slaying   |       |     6 |     2 ||     8
       Spectral Weapon   |       |       |     6 ||     6
       Shroud of Golubri |       |       |     4 ||     4
       Ozocubu's Armour  |       |       |     1 ||     1
  Use: Scroll            |     1 |     5 |     8 ||    14
       Potion            |       |     2 |     3 ||     5
 Stab: Distracted        |       |       |     2 ||     2
       Invisible         |       |       |     1 ||     1
       Sleeping          |       |       |     1 ||     1
  Eat: Chunk             |       |     7 |     7 ||    14
       Ration            |       |       |     2 ||     2
Armor: Leather armour    |     8 |    19 |    10 ||    37
       Robe              |       |       |     8 ||     8
Dodge: Dodged            |    75 |    60 |    83 ||   218
Block: Buckler           |       |       |     2 ||     2
